 Dungeon Crawl Stone Soup version 0.27-a0-951-gae3e1deef5 (webtiles) character file.

Game seed: 7721710288987638519

9 Alarkh the Insei (level 2, 21/21 HPs)
             Began as a Demonspawn Transmuter on Apr 11, 2021.
             Got out of the dungeon alive.
             The game lasted 00:00:39 (307 turns).

Alarkh the Insei (Demonspawn Transmuter)             Turns: 307, Time: 00:00:40

Health: 21/21      AC:  2    Str: 10    XL:     2   Next: 6%
Magic:  5/5        EV: 12    Int: 14    God:
Gold:   0          SH:  0    Dex: 15    Spells: 4/5 levels left

rFire    . . .     SeeInvis .     - Unarmed
rCold    . . .     Faith    .   (no shield)
rNeg     . . .     Spirit   .   a - +0 robe
rPois    .         Reflect  .   (no helmet)
rElec    .         Harm     .   (no cloak)
rCorr    .         Rampage  .   (no gloves)
Will     .....                  (no boots)
Stlth    ++........             (no amulet)
HPRegen  0.07/turn              (no ring)
MPRegen  0.09/turn              (no ring)

@: no status effects
A: thin skeletal structure 1
a: no special abilities


You escaped.
You visited 1 branch of the dungeon, and saw 1 of its levels.

Inventory:

Armour
 a - a +0 robe (worn)
Potions
 b - a potion of heal wounds {unknown}


   Skills:
 + Level 1.2 Fighting
 - Level 1.7 Dodging
 * Level 2.9 Unarmed Combat
 + Level 2.1 Spellcasting
 + Level 1.9 Transmutations


You had 4 spell levels left.
You knew the following spells:

 Your Spells              Type           Power      Damage    Failure   Level
a - Beastly Appendage     Tmut           14%        N/A       11%         1

Your spell library contained the following spells:

 Spells                   Type           Power      Damage    Failure   Level
 Wereblood                Tmut           7%         N/A       16%         2
 Spider Form              Tmut/Pois      2%         N/A       43%         3
 Ice Form                 Ice/Tmut       4%         N/A       83%         4
 Hydra Form               Tmut           3%         N/A       96%         5


Dungeon Overview and Level Annotations

Branches:
Dungeon (1/15)

Altars:


Innate Abilities, Weirdness & Mutations

You have a somewhat thin skeletal structure. (Dex +2, Stealth)


Message History

Casting: Beastly Appendage (safe; 11% risk of failure)
Confirm with . or Enter, or press ? or * to list all spells.
You grow a pair of large bovine horns.
Your feet morph into talons.
Your transformation is almost over.
Unknown command.
The ball python closely misses you. The ball python grabs you.
The ball python constricts you.
You barely miss the ball python. You claw the ball python.
You kill the ball python!
You have reached level 2!
Your demonic ancestry asserts itself...
Your bones become slightly less dense.
Your horns disappear.
Your talons disappear.
A goblin comes into view. It is wielding a +0 dagger.
A goblin is nearby!
A goblin is nearby!
The goblin shouts!
You barely miss the goblin. The goblin closely misses you.
You hit the goblin.
You kill the goblin!
No target in view!
No target in view!
No target in view!
No target in view!
No target in view!
No target in view!
No target in view!
No target in view!
Unknown command.
You see here a +0 club.
You see here a bat corpse.
There is a fountain of clear blue water here.
You enter the shallow water.
Moving in this stuff is going to be slow.
There is a large open door here.
There is a fountain of clear blue water here.
There is a large open door here.
There is a staircase leading out of the dungeon here.
Are you sure you want to leave the Dungeon?
This will make you lose the game!
You have escaped!

....≈≈≈≈≈≈≈≈≈≈≈≈≈≈≈≈≈≈≈≈≈≈≈...#.
....≈≈≈≈≈≈≈≈≈≈≈≈≈≈≈≈≈≈≈≈≈≈≈...#.
....≈≈≈≈≈≈≈≈≈≈≈≈≈≈≈≈≈≈≈≈≈≈≈...##
....≈≈≈#'#+#≈≈≈≈≈≈≈#'#+#≈≈≈...##
....≈≈≈'(..##'###'##..>'≈≈≈...##
..$.≈≈≈'...#.......#...'≈≈≈...##
....≈≈≈#'###.#####.#'#'#≈≈≈...##
....≈≈≈≈≈'...#...#...#≈≈≈≈....#
....≈≈≈≈≈#.###.@.'.⌠.'≈≈≈..⌠..#
....≈≈≈≈≈#.###...'.⌠.'≈≈≈..⌠..#
....≈≈≈≈≈†...#...#...#≈≈≈≈....#
....≈≈≈#'###.#####.###+#≈≈≈..†##
....≈≈≈'...'.......'...'≈≈≈.....
...J≈≈≈'...##'###+##...'≈≈≈.....
....≈≈≈#'#'#≈≈≈≈≈≈≈#'#+#≈≈≈.....
....≈≈≈≈≈≈≈≈≈≈≈≈≈≈≈≈≈≈≈≈≈≈≈.....
....≈≈≈≈≈≈≈≈≈≈≈≈≈≈≈≈≈≈≈≈≈≈≈...##


There were no monsters in sight!

Vanquished Creatures
  2 ball pythons (D:1)
  2 goblins (D:1)
  A hobgoblin (D:1)
  2 bats (D:1)
  A kobold (D:1)
8 creatures vanquished.

Notes
Turn   | Place    | Note
-------+----------+-------------------------------------------
     0 | D:1      | Alarkh the Demonspawn Transmuter began the quest for the
                  | Orb.
     0 | D:1      | Reached XP level 1. HP: 15/15 MP: 3/3
   250 | D:1      | Gained mutation: You have a somewhat thin skeletal
                  | structure. (Dex +2, Stealth) [demonic ancestry]
   250 | D:1      | Reached XP level 2. HP: 17/21 MP: 3/5
   307 | D:$      | Got out of the dungeon alive.

Illustrated notes

Levels and vault maps discovered:
D:1:      dpeg_arrival_castle, layout_basic,
          shapermc_ecumenical_altar_starsandcircs, st_stairs_5

Action                   || total
-------------------------++-------
Melee: Unarmed           ||    27
       Kick              ||     7
       Headbutt          ||     1
 Cast: Beastly Appendage ||     4
Armor: Robe              ||    11
Dodge: Dodged            ||    34

Table legend: (Time is in decaauts)
 A = Elapsed time spent in this place.
 B = Non-inter-level travel time spent in this place.
 C = Inter-level travel time spent in this place.
 D = Time resting spent in this place.
 E = Time spent auto-exploring this place.
 F = Levels seen in this place.
 G = Mean time per level.
                   A        B        C        D        E       F      G
               +--------+--------+--------+--------+--------+-----+--------+
         Total |    309 |    269 |     40 |      0 |    204 |   1 |  309.0 |
       Dungeon |    309 |    269 |     40 |      0 |    204 |   1 |  309.0 |
               +--------+--------+--------+--------+--------+-----+--------+

Top non-repeatable levels by time:
     D:1: 309 daAuts
